 Dungeon Crawl Stone Soup version 0.28.0-43-g3370ac3207 (webtiles) character file.

Game seed: 18407979988631965458

2334 Zeld the Thaumaturge (level 9, -3/45 HPs)
             Began as a Deep Elf Fire Elementalist on Mar 16, 2022.
             Was an Initiate of Vehumet.
             Killed from afar by an orc wizard (10 damage)
             ... with a magic dart
             ... on level 6 of the Dungeon.
             The game lasted 00:09:21 (9129 turns).

Zeld the Thaumaturge (Deep Elf Fire Elementalist)   Turns: 9129, Time: 00:09:22

Health: -3/45      AC:  3    Str:  5    XL:     9   Next: 19%
Magic:  12/24      EV: 13    Int: 25    God:    Vehumet [......]
Gold:   265        SH:  0    Dex: 15    Spells: 19/26 levels left

rFire   . . .      SeeInvis .   a - +5 scimitar
rCold   . . .      Faith    .   (no shield)
rNeg    . . .      Spirit   .   m - +0 robe
rPois   .          Reflect  .   (no helmet)
rElec   .          Harm     .   (no cloak)
rCorr   .          Rampage  .   e - +0 pair of gloves
Will    .....                   (no boots)
Stlth   +++.......              (no amulet)
HPRegen 0.15/turn               (no ring)
MPRegen 0.19/turn               (no ring)

@: no status effects
A: no striking features
a: Renounce Religion


You were on level 6 of the Dungeon.
You worshipped Vehumet.
Vehumet was noncommittal.
You visited 2 branches of the dungeon, and saw 8 of its levels.
You also visited: Sewer.

You collected 265 gold pieces.

Inventory:

Hand Weapons
 a - a +5 scimitar (weapon)
Armour
 e - a +0 pair of gloves (worn)
 m - a +0 robe (worn)
Wands
 n - a wand of iceblast (13)
Scrolls
 b - a scroll of enchant armour
 f - 4 scrolls of identify
 k - a scroll of teleportation
 s - a scroll of fear
Potions
 c - 2 potions of degeneration {unknown}
 d - a potion of mutation {unknown}
 h - 3 potions of haste {unknown}
 i - a potion of flight {unknown}
 j - a potion of brilliance {unknown}
 l - a potion of attraction {unknown}
 o - 2 potions of curing
 p - a potion of heal wounds
 q - a potion of magic {unknown}
 r - 2 potions of ambrosia {unknown}


   Skills:
 * Level 4.0 Long Blades
 - Level 4.0 Dodging
 - Level 6.0 Stealth
 * Level 9.1 Spellcasting
 + Level 4.9 Conjurations
 * Level 7.8 Fire Magic


You had 19 spell levels left.
You knew the following spells:

 Your Spells              Type           Power      Damage    Failure   Level
a - Foxfire               Conj/Fire      100%       2x1d9     1%          1
b - Scorch                Fire           100%       2d10      1%          2
c - Flame Wave            Conj/Fire      43%        2d9       3%          4

Your spell library contained the following spells:

 Spells                   Type           Power      Damage    Failure   Level
 Conjure Flame            Conj/Fire      43%        6-21      1%          3
 Inner Flame              Hex/Fire       31%        N/A       3%          3
 Ensorcelled Hibernation  Hex/Ice        22%        N/A       9%          2
 Passwall                 Tmut/Erth      9%         N/A       9%          2
 Swiftness                Air            11%        N/A       16%         3


Dungeon Overview and Level Annotations

Branches:
Dungeon (7/15)             Temple (1/1) D:4           Sewer (visited)

Altars:
Ashenzari
Cheibriados
Elyvilon
Kikubaaqudgha
Makhleb
Nemelex Xobeh
Okawaru
Qazlal
Sif Muna
Vehumet
Wu Jian
Yredelemnul
Zin
The Shining One
Jiyva


Message History

Casting: Flame Wave (dangerous; 4% risk of failure)
Confirm with . or Enter, or press ? or * to list all spells.
Flames lash the iguana.
The iguana is almost dead.
The iguana's fire resistance burns away.
The iguana barely misses you.
Casting: Scorch (safe; 1% risk of failure)
Confirm with . or Enter, or press ? or * to list all spells.
Flames lash the centaur.
The centaur is lightly wounded.
The centaur's fire resistance burns away.
The iguana bites you!
* * * LOW HITPOINT WARNING * * *
Casting: Scorch (safe; 1% risk of failure)
Confirm with . or Enter, or press ? or * to list all spells.
Flames lash the jelly.
You kill the jelly!
Vehumet accepts your kill. The iguana barely misses you.
Your Spellcasting skill increases to level 9!
Casting: Scorch (safe; 1% risk of failure)
Confirm with . or Enter, or press ? or * to list all spells.
Flames lash the centaur.
The centaur is burned terribly!
You kill the centaur!
Vehumet accepts your kill. The iguana misses you.
Your Long Blades skill increases to level 4!
Casting: Scorch (safe; 1% risk of failure)
Confirm with . or Enter, or press ? or * to list all spells.
Flames lash the iguana.
The iguana is burned terribly!
You kill the iguana!
Vehumet accepts your kill.
The orc wizard gestures at you while chanting.
You easily resist.
The orc wizard gestures at you while chanting.
The magic dart hits you.
* * * LOW HITPOINT WARNING * * *
The orc wizard gestures at you while chanting.
The magic dart hits you!
You die...

#(#..........
#.###########
#..........
#########........
#................
#................
#................
#................
##@######........
##.######........
##................
#..####..[.......
#o## ... #Z# . #n#
#)## ##o.#


You could see a necrophage, an orc wizard and a bullfrog zombie.

Vanquished Creatures
  An ice beast (D:7)
  A necrophage (D:7)
  A sky beast (D:7)
  A black bear (D:6)
  4 ogres
  A centaur (D:6)
  A kobold brigand (D:6)
  2 gnoll sergeants
  3 scorpions
  6 killer bees (D:7)
  3 wights (D:7)
  A howler monkey (D:4)
  A bullfrog zombie (D:5)
  A jelly (D:6)
  2 orc priests
  2 hounds (D:5)
  4 iguanas
  Jessica (D:2)
  An orc wizard (D:6)
  A hell rat (Sewer)
  A hound skeleton (D:4)
  13 adders
  11 gnolls
  2 river rats (D:5)
  A white imp (D:5)
  2 ufetubi
  An adder zombie (D:5)
  3 worms
  3 dart slugs
  15 orcs
  5 ball pythons
  5 endoplasms
  7 giant cockroaches
  9 hobgoblins
  6 quokkas
  6 bats
  A frilled lizard (D:1)
  8 goblins
  15 kobolds
  12 rats
164 creatures vanquished.

Vanquished Creatures (collateral kills)
  2 foxfires (D:4)
2 creatures vanquished.

Vanquished Creatures (others)
  469 foxfires
469 creatures vanquished.

Grand Total: 635 creatures vanquished

Notes
Turn   | Place    | Note
-------+----------+-------------------------------------------
     0 | D:1      | Zeld the Deep Elf Fire Elementalist began the quest for the
                  | Orb.
     0 | D:1      | Reached XP level 1. HP: 10/10 MP: 6/6
   134 | D:1      | Reached XP level 2. HP: 15/15 MP: 4/8
   137 | D:1      | Learned a level 2 spell: Scorch
   590 | D:1      | Reached XP level 3. HP: 19/19 MP: 6/10
  1293 | D:2      | Reached skill level 4 in Spellcasting
  1522 | D:2      | Found a faded altar of an unknown god.
  1606 | D:2      | Noticed a gnoll sergeant
  1670 | D:2      | Killed a gnoll sergeant
  1671 | D:2      | Reached XP level 4. HP: 22/24 MP: 0/12
  1676 | D:2      | Learned a level 4 spell: Flame Wave
  1790 | D:2      | Noticed Jessica
  1794 | D:2      | Killed Jessica
  1795 | D:2      | Reached XP level 5. HP: 28/28 MP: 11/14
  1958 | D:2      | Found the +8 woodcutter's axe {vorpal}
  2206 | D:2      | Reached skill level 5 in Spellcasting
  3373 | D:3      | Reached XP level 6. HP: 31/32 MP: 11/15
  3784 | D:3      | Found a stormy altar of Qazlal.
  4242 | D:4      | Reached skill level 5 in Fire Magic
  4505 | D:4      | Found an ancient bone altar of Kikubaaqudgha.
  4525 | D:4      | Reached skill level 6 in Spellcasting
  4525 | D:4      | Reached XP level 7. HP: 36/36 MP: 6/18
  4736 | D:4      | You fall into a shaft and drop 3 floors!
  4870 | D:7      | Found a sparkling altar of Nemelex Xobeh.
  4882 | D:7      | Found a burning altar of Makhleb.
  5264 | D:7      | Reached skill level 1 in Long Blades
  5278 | D:7      | Reached skill level 7 in Spellcasting
  5335 | D:7      | Reached skill level 5 in Stealth
  5341 | D:7      | Reached XP level 8. HP: 41/41 MP: 8/20
  5354 | D:7      | HP: 3/61 [poisoned by a killer bee]
  5850 | D:5      | Entered Level 5 of the Dungeon
  6060 | D:5      | Reached skill level 8 in Spellcasting
  6297 | D:5      | Found a glowing drain.
  6307 | Sewer    | Entered a sewer
  6756 | D:4      | Found a staircase to the Ecumenical Temple.
  6988 | Temple   | Entered the Ecumenical Temple
  7004 | Temple   | Became a worshipper of Vehumet
  7210 | D:4      | Found a white marble altar of Elyvilon.
  8465 | D:6      | Reached XP level 9. HP: 24/41 MP: 13/23
  8696 | D:6      | HP: 2/43 [gnoll/+0 spear (7)]
  9123 | D:6      | Reached skill level 9 in Spellcasting
  9129 | D:6      | Killed from afar by an orc wizard

Illustrated notes

Levels and vault maps discovered:
D:1:      minmay_arrival_five_plusses, layout_basic
D:2:      layout_basic, ebering_ecumenical_altar_rust,
          hangedman_decor_peaks_small, pf_guarded_unrand_woodcutter,
          uniq_jessica
D:3:      layout_basic, mainiacjoe_overflow_chevrons
D:4:      wad_lake_hut, layout_rooms, mainiacjoe_overflow_alcove_2,
          lemuel_doored_altar, minmay_temple_entry_sparse_star,
          kennysheep_opposing_triangles
D:5:      layout_loops_ring, lightli_sewer_entry_pipes,
          kennysheep_generic_room_7
D:6:      layout_basic, minmay_joined_circles
D:7:      layout_basic, nicolae_overflow_crystal_walls, kennysheep_mini
Temple:   pf_slimified_temple

Skill      XL: |  1  2  3  4  5  6  7  8  9 |
---------------+----------------------------+-----
Stealth        | 3 4 5 6 |  6.0
Spellcasting   | 4 5 6 7 8 9 |  9.1
Fire Magic     | 4 5 6 7 |  7.8
Dodging        | 3 4 |  4.0
Conjurations   | 2 3 4 |  4.9
Long Blades    | 1 3 4 |  4.0

Action                   |  1- 3 |  4- 6 |  7- 9 || total
-------------------------+-------+-------+-------++-------
Melee: Unarmed           |    10 |       |       ||    10
       Punch             |     1 |       |       ||     1
       Scimitar          |       |       |    26 ||    26
 Cast: Foxfire           |    75 |   135 |    71 ||   281
       Scorch            |    11 |     8 |    90 ||   109
       Flame Wave        |       |       |     2 ||     2
  Use: Scroll            |       |       |     9 ||     9
       Potion            |       |       |     4 ||     4
 Stab: Sleeping          |       |       |     1 ||     1
Armor: Robe              |     4 |     6 |    18 ||    28
       Skin              |       |       |     7 ||     7
Dodge: Dodged            |    17 |    21 |    74 ||   112
